 Dungeon Crawl Stone Soup version 0.29.1-12-g30fa7ad0bf (webtiles) character file.

Game seed: 5199986733918580262

18 Phelix the Chopper (level 2, 0/25 HPs)
             Began as a Minotaur Gladiator on Jan 13, 2023.
             Constricted to death by a ball python (1 damage)
             ... on level 1 of the Dungeon.
             The game lasted 00:10:30 (552 turns).

Phelix the Chopper (Minotaur Gladiator)              Turns: 552, Time: 00:10:30

Health: 0/25       AC:  3    Str: 18    XL:     2   Next: 48%
Magic:  1/1        EV:  9    Int:  5    God:
Gold:   101        SH:  0    Dex: 11    Spells: 1/1 levels left

rFire   . . .      SeeInvis .   a - +0 war axe
rCold   . . .      Faith    .   (no shield)
rNeg    . . .      Spirit   .   j - +0 leather armour
rPois   .          Reflect  .   c - +0 hat
rElec   .          Harm     .   (no cloak)
rCorr   .          Rampage  .   (no gloves)
Will    .....                   (no boots)
Stlth   +.........              (no amulet)
HPRegen 0.08/turn               (no ring)
MPRegen 0.07/turn               (no ring)

@: constricted
A: horns 2, retaliatory headbutt
a: no special abilities


You were on level 1 of the Dungeon.
You visited 1 branch of the dungeon, and saw 2 of its levels.

You collected 101 gold pieces.

Inventory:

Hand Weapons
 a - a +0 war axe (weapon)
 g - a +0 short sword
 i - a +0 club
Missiles
 d - 3 throwing nets (quivered)
 e - a javelin
 f - 15 stones
Armour
 b - a +0 leather armour
 c - a +0 hat (worn)
 j - a +0 leather armour (worn)
Potions
 h - a potion of ambrosia {unknown}


   Skills:
 + Level 2.8 Fighting
 + Level 3.9 Axes
 + Level 2.0 Throwing
 + Level 0.2 Armour
 + Level 3.7 Dodging


You had one spell level left.
You didn't know any spells.
Your spell library was empty.

Dungeon Overview and Level Annotations

Branches:
Dungeon (2/15)

Altars:


Innate Abilities, Weirdness & Mutations

You have a pair of horns on your head.
You reflexively headbutt those who attack you in melee.


Message History

Press: ? - help, v - describe, . - travel A rock wall.
Press: ? - help, v - describe, . - travel A rock wall.
Press: ? - help, v - describe, . - travel A rock wall.
Press: ? - help, v - describe, . - travel A rock wall.
Cleave: a) +0 war axe
Press: ? - help, Dir - move target There's something in the way.
Unknown command.
Cleave: a) +0 war axe
Press: ? - help, Dir - move target Your weapon can't reach that far!
Okay, then.
A giant cockroach comes into view.
The giant cockroach bites you.
* * * LOW HITPOINT WARNING * * *
You completely miss the giant cockroach.
The giant cockroach barely misses you.
You slash the giant cockroach!
You kill the giant cockroach!
A ball python comes into view.
The ball python hisses angrily.
The ball python closely misses you. The ball python completely misses you.
You closely miss the ball python. The ball python barely misses you.
The ball python grabs you. The ball python constricts you.
You barely miss the ball python. Your headbutt misses the ball python.
The ball python bites you but does no damage.
The ball python constricts you.
* * * LOW HITPOINT WARNING * * *
The ball python bites you.
* * * LOW HITPOINT WARNING * * *
The ball python constricts you.
* * * LOW HITPOINT WARNING * * *
You closely miss the ball python. The ball python bites you.
* * * LOW HITPOINT WARNING * * *
The ball python constricts you.
You die...

########
#..S@..#
#.##.###
#.# #.#
#########.#
#.........#
#.#########
#.# #.#


You could see a ball python.

Vanquished Creatures
  A worm (D:2)
  2 ball pythons (D:1)
  2 endoplasms
  A giant cockroach (D:1)
  A goblin (D:1)
  A hobgoblin (D:1)
  A kobold (D:1)
  A quokka (D:1)
  2 rats (D:1)
12 creatures vanquished.

Vanquished Creatures (others)
  2 fungi (D:1)
  4 plants (D:1)
6 creatures vanquished.

Grand Total: 18 creatures vanquished

Notes
Turn   | Place    | Note
-------+----------+-------------------------------------------
     0 | D:1      | Phelix the Minotaur Gladiator began the quest for the Orb.
     0 | D:1      | Reached XP level 1. HP: 18/18 MP: 0/0
   366 | D:1      | Found a faded altar of an unknown god.
   383 | D:1      | Reached XP level 2. HP: 17/25 MP: 1/1
   552 | D:1      | HP: 1/25 [ball python (3)]
   552 | D:1      | Constricted to death by a ball python

Illustrated notes

Levels and vault maps discovered:
D:1:      psy_arrival_statuary, layout_basic, serial_shops, shop,
          dreamdust_ecumenical_altar_grove
D:2:      layout_loops_corners, basic_altar

Action                   || total
-------------------------++-------
Melee: War axe           ||    46
       Headbutt          ||     8
       Punch             ||     2
  Use: Scroll            ||     1
       Potion            ||     1
Armor: Leather armour    ||     9
Dodge: Dodged            ||    15
